Map: Overgrown Facility

Players

géologue

  • Race: Protoss Protoss
  • League: Gold
  • Spawn Location: 3:00

LostDay

  • Race: Terran Terran
  • League: Silver
  • Spawn Location: 1:00

David - Winner!

  • Race: Protoss Protoss
  • League: Silver
  • Spawn Location: 9:00

ILIEKEGGPIE - Winner!

  • Race: Protoss Protoss
  • League: Platinum
  • Spawn Location: 7:00

VOD

Have the link to the VOD?

Description

Time

  • Played on: April 26, 2018, 5:30 p.m.
  • Length: 17:33
Show
View Real Time Build Order
Export as new Build Order

géologue Protoss 

Build Orders:  

Get SALT Encoding   

  12  0:00  Probe  
  13  0:16  Probe, Pylon  
  14  0:32  Probe  
  15  0:41  Gateway  
  15  0:44  Probe  
  16  0:50  Pylon  
  16  0:56  Probe  
  17  0:58  Assimilator  
  17  1:08  Probe  
  18  1:14  Gateway  
  18  1:21  Probe  
  19  1:32  Cybernetics Core  
  19  1:33  Probe  
  19  1:39  Assimilator  
  20  1:46  Probe  
  21  2:03  Adept x2  
  21  2:07  Probe  
  22  2:12  Warp Gate  
  26  2:25  Probe, Pylon  
  27  2:33  Adept  
  27  2:34  Adept  
  31  2:45  Forge  
  31  2:46  Probe  
  30  3:29  Probe  
  30  3:33  Pylon  
  31  3:43  Probe  
  32  3:55  Probe  
  27  4:07  Photon Cannon  
  31  4:11  Photon Cannon  
  27  4:26  Stalker x2  
  31  4:44  Nexus  
  31  4:46  Probe  
  31  4:48  Pylon  
  31  4:50  Stalker x2  
  36  4:58  Probe  
  37  5:00  Gateway  
  36  5:13  Photon Cannon  
  36  5:32  Stalker x2  
  36  5:33  Probe  
  41  5:45  Probe  
  41  5:47  Protoss Ground Weapons Level 1  
  42  6:08  Photon Cannon  
  42  6:10  Twilight Council  
  42  6:28  Robotics Facility, Blink, Probe x2  
  40  7:00  Stalker x2  
  40  7:01  Stalker  
  46  7:08  Observer, Photon Cannon  
  47  7:20  Probe x2  
  47  7:22  Gateway  
  49  7:24  Assimilator  
  49  7:25  Assimilator  
  49  7:40  Stalker x3, Protoss Ground Armor Level 1  
  55  7:48  Immortal, Forge  
  59  8:03  Stalker  
  61  8:10  Pylon  
  61  8:12  Pylon  
  61  8:20  Pylon  
  61  8:29  Stalker x4  
  69  8:38  Pylon  
  69  8:42  Immortal  
  61  9:06  Photon Cannon  
  61  9:08  Photon Cannon  
  56  9:39  Charge  
  56  9:53  Immortal  
  56  9:56  Stalker x3  
  56  9:57  Stalker  
  68  10:20  Zealot x3  
  68  10:21  Stalker  
  76  10:44  Immortal  
  76  10:50  Protoss Ground Armor Level 2, Stalker, Protoss Ground Weapons Level 2  
  76  10:51  Stalker x3  
  88  11:08  Gateway  
  88  11:11  Probe  
  89  11:23  Observer, Pylon  
  90  11:30  Pylon  
  90  11:49  Warp Prism  
  90  11:51  Pylon  
  92  11:57  Probe  
  93  12:03  Nexus  
  93  12:05  Pylon  
  93  12:08  Assimilator  
  93  12:09  Zealot x3  
  93  12:10  Zealot  
  93  12:11  Assimilator  
  81  13:01  Protoss Ground Weapons Level 3  
  81  13:11  Protoss Ground Armor Level 3  
  81  13:16  Immortal, Stargate  
  81  13:21  Zealot x3  
  81  13:22  Zealot  
  92  13:42  Probe  
  93  13:49  Probe  
  93  13:50  Probe x2  
  96  14:00  Probe  
  96  14:01  Probe  
  98  14:05  Zealot x4  
  98  14:06  Stalker, Pylon  
  108  14:12  Probe  
  108  14:13  Gateway  
  109  14:17  Observer  
  110  14:24  Probe  
  111  14:33  Void Ray  
  111  14:39  Observer  
  116  14:50  Protoss Air Weapons Level 1  
  116  14:59  Robotics Facility  
  116  15:05  Pylon  
  116  15:10  Zealot x2  
  116  15:13  Zealot  
  122  15:16  Void Ray  
  122  15:17  Zealot  
  128  15:27  Probe  
  128  15:34  Probe x2  
  131  15:36  Probe  
  120  15:45  Probe  
  91  15:58  Probe  
  91  15:59  Void Ray  
  92  16:23  Zealot x4  
  92  16:24  Zealot  
  101  16:25  Stalker  
  103  16:35  Dark Shrine  
  103  16:38  Stargate  
  103  16:43  Pylon  
  103  16:45  Pylon  
  103  16:49  Sentry x2  
  103  16:50  Stalker x2, Sentry x2  
Show
View Real Time Build Order
Export as new Build Order

LostDay Terran 

Build Orders:  

Get SALT Encoding   

  12  0:01  SCV  
  13  0:13  SCV  
  14  0:25  SCV  
  15  0:30  Supply Depot  
  15  0:51  SCV  
  15  0:54  Refinery  
  16  0:57  Barracks  
  16  1:03  SCV  
  17  1:18  SCV  
  18  1:30  SCV  
  19  1:35  Barracks x2  
  19  1:51  Supply Depot  
  19  2:04  Barracks Reactor  
  20  2:08  SCV  
  20  2:22  Command Center  
  20  2:23  SCV  
  21  2:32  Barracks Reactor  
  21  2:34  Barracks Tech Lab  
  21  2:41  Orbital Command  
  21  2:47  Marine  
  21  2:48  Marine  
  23  3:00  Combat Shields  
  23  3:07  Marauder, Marine  
  23  3:08  Marine  
  23  3:11  Marine  
  28  3:14  Marine  
  29  3:35  Marauder, Marine x4  
  35  3:54  SCV x2  
  37  4:08  Marauder, Marine  
  37  4:09  Marine x3  
  43  4:24  Engineering Bay  
  43  4:26  Marine  
  43  4:29  Supply Depot  
  44  4:33  SCV x2  
  46  4:50  Marine x4  
  46  4:51  Marauder  
  52  5:08  Marine  
  52  5:09  Missile Turret  
  45  5:30  Marauder, Marine x2  
  45  5:31  Marine x2  
  50  5:48  Marine x2  
    9:48  Orbital Command  
    11:08  SCV  
  1  11:13  SCV  
  2  11:20  SCV  
  2  11:25  SCV  
  4  11:32  SCV  
  5  11:37  SCV  
  6  11:44  SCV  
  7  11:49  SCV  
  8  11:56  SCV  
  9  12:01  SCV  
  9  12:05  Barracks  
  10  12:08  SCV  
  10  12:09  Barracks  
  10  12:10  Barracks  
  10  12:13  SCV  
  12  12:20  SCV  
  13  12:25  SCV  
  14  12:38  SCV  
  15  12:50  SCV  
  16  13:02  SCV  
  17  13:06  Barracks Tech Lab  
  17  13:07  Barracks Reactor  
  17  13:09  Barracks Tech Lab  
  17  13:17  SCV  
  17  13:19  SCV  
  19  13:29  SCV  
  19  13:30  Supply Depot  
  19  13:31  SCV  
  21  13:37  Engineering Bay  
  22  13:41  SCV  
  22  13:43  SCV  
  22  13:47  Concussive Shells, Stimpack  
  23  13:53  Supply Depot, SCV  
  25  13:55  SCV  
  25  13:58  Refinery  
  25  14:02  Refinery  
  25  14:05  SCV  
  25  14:07  SCV  
  27  14:11  Missile Turret  
  27  14:17  SCV  
  27  14:23  Orbital Command  
  28  14:27  Missile Turret  
  28  14:29  SCV  
  29  14:36  Marauder x2, Marine x2  
  35  14:41  SCV  
  36  14:54  SCV  
  37  15:06  SCV  
  38  15:09  Supply Depot  
  38  15:13  Supply Depot  
  38  15:37  Marauder  
  38  15:38  Marauder, Marine x4  
  46  15:55  Marine  
  46  15:56  Marine  
  50  16:18  Marauder  
  50  16:19  Marauder, Marine x4  
  56  16:27  Engineering Bay  
  56  16:37  Marine x4  
  56  16:39  Marine  
  61  16:40  Refinery  
  61  16:43  Refinery  
  61  16:45  Supply Depot  
  61  17:00  Factory  
  61  17:07  SCV x2  
  63  17:19  SCV x2  
Show
View Real Time Build Order
Export as new Build Order

David Protoss - Winner!

Build Orders: Dark Templar Rush 

Get SALT Encoding   

  12  0:05  Probe  
  13  0:17  Probe  
  14  0:29  Probe  
  14  0:35  Pylon  
  15  0:41  Assimilator  
  15  0:53  Probe  
  16  1:05  Probe  
  16  1:09  Gateway  
  17  1:12  Forge  
  17  1:21  Probe  
  17  1:22  Pylon  
  18  1:29  Probe  
  18  1:38  Probe  
  18  1:39  Assimilator  
  19  1:45  Pylon  
  20  1:48  Probe  
  21  1:56  Probe  
  21  2:00  Cybernetics Core  
  22  2:06  Probe  
  22  2:12  Photon Cannon  
  23  2:18  Photon Cannon  
  23  2:27  Warp Gate  
  23  2:48  Twilight Council  
  23  2:51  Robotics Facility  
  23  2:58  Shield Battery  
  23  3:10  Shield Battery  
  23  3:17  Gateway  
  23  3:19  Gateway  
  23  3:28  Warp Prism  
  25  3:51  Dark Shrine  
  25  3:54  Gateway  
  25  4:05  Gateway  
  25  4:49  Charge  
  25  4:51  Zealot  
  25  4:52  Zealot  
  29  5:12  Pylon  
  29  5:16  Pylon  
  29  5:18  Dark Templar x2  
  29  5:19  Dark Templar x2  
  37  5:28  Protoss Ground Weapons Level 1  
  37  5:53  Dark Templar  
  39  7:32  Zealot x2  
  39  7:33  Zealot x2  
  47  8:07  Stalker x3  
  47  8:08  Stalker  
  41  9:15  Dark Templar  
  41  9:16  Dark Templar x3  
  39  9:51  Pylon  
  39  9:52  Pylon  
  35  9:55  Pylon  
  35  10:04  Zealot x3  
  35  10:05  Zealot  
  43  10:26  Protoss Shields Level 1  
  33  10:52  Nexus, Warp Prism  
  33  10:56  Assimilator  
  33  11:02  Assimilator  
  35  11:12  Pylon  
  35  11:15  Pylon  
  35  11:24  Pylon  
  35  11:27  Pylon  
  35  11:35  Probe  
  36  11:43  Probe  
  36  11:51  Stargate  
  36  11:53  Probe  
  37  11:55  Stargate  
  37  11:59  Stargate  
  38  12:03  Photon Cannon  
  38  12:05  Probe  
  39  12:08  Photon Cannon  
  39  12:10  Photon Cannon  
  39  12:17  Probe  
  40  12:33  Zealot x2  
  43  13:12  Void Ray x2  
  43  13:22  Void Ray  
  55  13:54  Void Ray  
  55  13:55  Void Ray  
  63  13:56  Shield Battery  
  63  14:00  Shield Battery  
  61  14:05  Void Ray  
  65  14:30  Forge  
  65  14:36  Void Ray x2  
  65  14:45  Void Ray  
  77  15:11  Twilight Council  
  77  15:13  Pylon  
  77  15:15  Pylon  
  77  15:29  Void Ray  
  81  16:36  Nexus  
  81  16:46  Fleet Beacon  
  81  17:01  Pylon  
  81  17:05  Pylon  
Show
View Real Time Build Order
Export as new Build Order

ILIEKEGGPIE Protoss - Winner!

Build Orders: Oracle Opening 

Get SALT Encoding   

  12  0:01  Probe  
  13  0:13  Probe  
  14  0:18  Pylon  
  14  0:25  Probe  
  15  0:36  Probe  
  15  0:41  Gateway  
  16  0:44  Probe  
  17  0:51  Assimilator  
  17  0:55  Probe  
  18  1:07  Probe  
  19  1:14  Pylon  
  19  1:15  Probe  
  19  1:23  Probe  
  20  1:30  Cybernetics Core  
  21  1:36  Assimilator  
  21  1:40  Probe  
  22  1:52  Probe  
  23  2:11  Stargate  
  23  2:22  Warp Gate  
  23  2:30  Probe  
  23  2:33  Nexus  
  23  2:36  Pylon  
  24  2:42  Probe  
  25  2:48  Oracle  
  25  2:49  Gateway  
  25  2:51  Gateway  
  28  3:02  Stalker  
  29  3:31  Stalker  
  31  3:36  Stalker  
  31  3:38  Stalker  
  35  3:43  Probe  
  36  3:55  Probe  
  28  4:07  Probe  
  29  4:16  Probe  
  29  4:20  Probe  
  31  4:24  Probe  
  32  4:32  Probe  
  32  4:36  Probe  
  32  4:37  Stalker  
  36  4:44  Probe  
  37  4:52  Stalker  
  39  5:01  Stalker x2  
  39  5:02  Probe  
  39  5:05  Probe  
  45  5:18  Stalker  
  47  5:30  Probe  
  47  5:31  Probe  
  49  5:38  Probe  
  50  5:49  Pylon x2  
  48  6:06  Probe  
  45  6:16  Zealot x2  
  42  6:18  Probe  
  41  6:30  Probe  
  32  6:41  Gateway  
  32  6:44  Gateway  
  18  7:44  Nexus  
  18  7:51  Pylon  
  18  7:54  Cybernetics Core  
  18  8:03  Forge  
  18  8:14  Assimilator  
  18  8:17  Assimilator  
  18  8:31  Probe  
  19  8:37  Robotics Facility  
  19  8:44  Probe  
  19  8:48  Robotics Facility  
  20  8:56  Probe  
  20  8:58  Probe  
  22  9:06  Probe  
  22  9:08  Probe  
  23  9:15  Probe  
  24  9:20  Probe  
  24  9:23  Probe  
  26  9:26  Robotics Bay  
  26  9:30  Immortal x2  
  27  9:31  Probe  
  28  9:42  Probe  
  37  9:51  Probe  
  37  9:55  Protoss Ground Weapons Level 1  
  37  9:56  Probe  
  37  9:59  Probe  
  40  10:08  Probe x2  
  42  10:26  Colossus  
  48  10:43  Probe  
  48  10:47  Probe  
  50  10:51  Probe  
  51  10:59  Probe  
  51  11:01  Zealot x2, Probe, Pylon  
  57  11:04  Extended Thermal Lance  
  57  11:11  Probe  
  58  11:13  Gateway x2  
  58  11:15  Colossus  
  58  11:16  Gateway  
  64  11:21  Pylon  
  64  11:32  Probe  
  64  11:33  Pylon  
  64  11:35  Pylon  
  64  11:36  Probe  
  66  11:40  Probe  
  66  11:41  Colossus  
  66  11:43  Photon Cannon  
  67  11:48  Probe  
  67  11:52  Probe  
  75  12:00  Probe  
  76  12:04  Probe  
  76  12:08  Protoss Ground Armor Level 1  
  77  12:09  Observer  
  77  12:11  Gateway  
  77  12:12  Probe  
  79  12:20  Zealot  
  79  12:21  Zealot x3  
  85  13:01  Stalker x4  
  85  13:02  Stalker  
  95  13:16  Twilight Council  
  95  13:20  Gateway  
  95  13:22  Gateway  
  95  13:30  Nexus  
  95  13:32  Pylon  
  95  13:34  Pylon  
  95  13:45  Charge  
  95  13:54  Templar Archives  
  95  13:55  Forge  
  95  14:06  Stalker x3  
  95  14:07  Stalker x2  
  105  14:11  Immortal  
  105  14:19  Assimilator  
  105  14:21  Immortal  
  112  14:27  Assimilator  
  112  14:31  Sentry x2  
  112  14:32  Sentry  
  118  14:38  Pylon  
  118  14:40  Pylon  
  118  14:43  Probe x3  
  121  14:54  High Templar x2  
  121  14:55  High Templar x2, Probe  
  130  15:04  Protoss Ground Weapons Level 2  
  130  15:09  Probe x2  
  130  15:10  Probe  
  133  15:15  Pylon  
  133  15:17  Pylon  
  133  15:21  Probe x2  
  133  15:22  Archon  
  133  15:23  Archon  
  133  15:28  Zealot x4  
  139  15:30  Sentry x2  
  147  15:37  Observer x2  
  143  15:46  Probe  
  140  15:50  Probe x2  
  140  15:54  Probe  
  140  15:55  Gateway  
  140  15:57  Gateway  
  140  15:58  Observer  
  140  16:00  Photon Cannon  
  140  16:02  Shield Battery  
  132  16:11  Photon Cannon  
  132  16:17  Photon Cannon  
  132  16:25  Photon Cannon  
  132  16:36  High Templar x4  
  132  16:37  Zealot x2  
  144  17:21  Zealot x5  
  144  17:22  Zealot x3  
Tags
 
Add a new tag
Caveats
  • Supply blocks, unpowered buildings, or Contaminate may cause inaccurate times.
  • Supply counts are checked every 10 seconds.